 Dungeon Crawl Stone Soup version 0.19-a0-1468-ge013c26 (webtiles) character file.

5603 rlgrobin the Thaumaturge (level 10, -1/50 HPs)
             Began as a Deep Elf Fire Elementalist on Sept 7, 2016.
             Was a Believer of Vehumet.
             Slain by an orc warrior
             ... wielding a +0 glaive
              (26 damage)
             ... on level 10 of the Dungeon.
             The game lasted 00:46:14 (10273 turns).

rlgrobin the Thaumaturge (DEFE)                    Turns: 10273, Time: 00:46:15

Health: -1/50      AC: 14    Str:  5    XL:     10   Next: 45%
Magic:  24/26      EV: 13    Int: 24    God:    Vehumet [**....]
Gold:   708        SH:  0    Dex: 15    Spells: 7 memorised, 11 levels left

rFire  . . .     SeeInvis .     H - +1 flail (protect)
rCold  . . .     Gourm    .     m - +0 troll leather armour {Purgy}
rNeg   . . .     Faith    .     (no shield)
rPois  +         Spirit   .     g - +2 hat
rElec  .         Dismiss  .     N - +2 cloak
rCorr  .         Reflect  .     (no gloves)
MR     ++...     Harm     .     (no boots)
Stlth  ++........               C - amulet of magic regeneration
                                v - ring of poison resistance
                                s - ring of protection from magic

@: about to teleport, regenerating (expiring)
A: no striking features
a: Renounce Religion


You were on level 10 of the Dungeon.
You worshipped Vehumet.
Vehumet was pleased with you.
You were not hungry.

You visited 2 branches of the dungeon, and saw 11 of its levels.
You also visited: Sewer.

You collected 708 gold pieces.

Inventory:

Hand Weapons
 H - a +1 flail of protection (weapon)
Missiles
 l - 270 stones (quivered)
 w - 6 large rocks
Armour
 a - a +0 robe
 g - a +2 hat (worn)
 m - a +0 troll leather armour (worn) {Purgy}
 D - the +3 leather armour "Yblenaph" {rF++ Str-2 Int-3 Slay+5}
   (You found it on level 7 of the Dungeon)

   It affects your strength (-2).
   It affects your intelligence (-3).
   It affects your accuracy and damage with ranged weapons and melee attacks
   (+5).
   It greatly protects you from fire.
 L - the +1 ring mail "Kettonku" {+Blink Str+2 Stlth+}
   (You found it on level 6 of the Dungeon)

   It affects your strength (+2).
   It lets you blink.
   It makes you more stealthy.
 N - a +2 cloak (worn)
Rods
 x - a +0 rod of clouds (14/14) {!a}
   (You found it on level 3 of the Dungeon)
Jewellery
 s - a ring of protection from magic (left hand)
 v - a ring of poison resistance (right hand)
 C - an amulet of magic regeneration (around neck)
 G - an uncursed amulet of the gourmand
 O - an uncursed ring of ice
 U - a cursed ring of teleportation {unknown}
Wands
 h - a wand of paralysis (19/24)
 o - a wand of polymorph (11/24)
 u - a wand of acid (9/15)
 E - a wand of flame (17/48)
 F - a wand of polymorph (6/24)
Scrolls
 d - 5 scrolls of amnesia
 k - 4 scrolls of magic mapping
 n - 3 scrolls of teleportation
 y - 2 scrolls of recharging
 A - a scroll of noise
 K - 4 scrolls of remove curse
 S - a scroll of fog
 V - a scroll of enchant weapon
 X - a scroll of blinking
Potions
 e - a potion of curing
 f - 2 potions of heal wounds
 i - a potion of flight {unknown}
 p - 3 potions of agility
 q - 3 potions of lignification
 t - a potion of berserk rage {unknown}
 z - a potion of degeneration {unknown}
 B - 5 potions of mutation
 I - a potion of resistance
 P - a potion of might {unknown}
 R - a potion of invisibility
 Y - a potion of haste {unknown}
Books
 b - a book of Flames

   Spells                             Type                      Level
   a - Flame Tongue                   Conjuration/Fire             1
   b - Throw Flame                    Conjuration/Fire             2
   c - Conjure Flame                  Conjuration/Fire             3
   d - Inner Flame                    Hexes/Fire                   3
   e - Sticky Flame                   Conjuration/Fire             4
   f - Fireball                       Conjuration/Fire             5
 r - a book of Ice

   Spells                             Type                      Level
   a - Ice Form                       Ice/Transmutation            4
   b - Metabolic Englaciation         Hexes/Ice                    5
   c - Ozocubu's Refrigeration        Ice                          6
   d - Bolt of Cold                   Conjuration/Ice              6
   e - Freezing Cloud                 Conjuration/Ice/Air          6
   f - Simulacrum                     Ice/Necromancy               6
 Q - a book of Air

   Spells                             Type                      Level
   a - Shock                          Conjuration/Air              1
   b - Swiftness                      Charms/Air                   2
   c - Repel Missiles                 Charms/Air                   2
   d - Static Discharge               Conjuration/Air              3
   e - Lightning Bolt                 Conjuration/Air              5
 T - a book of Cantrips

   Spells                             Type                      Level
   a - Confusing Touch                Hexes                        1
   b - Animate Skeleton               Necromancy                   1
   c - Summon Small Mammal            Summoning                    1
   d - Apportation                    Translocation                1
Comestibles
 c - 9 bread rations
 j - a royal jelly
 J - 2 meat rations
 M - 6 beef jerkies
 Z - 3 fruits


   Skills:
 - Level 3.8 Dodging
 * Level 3.0 Stealth
 + Level 10.9 Spellcasting
 + Level 10.4 Conjurations
 + Level 10.3 Fire Magic


You had 11 spell levels left.
You knew the following spells:

 Your Spells              Type           Power        Failure   Level  Hunger
a - Apportation           Tloc           ##........   10%         1    None
b - Regeneration          Chrm/Necr      ##........   28%         3    None
d - Conjure Flame         Conj/Fire      ######..     1%          3    None
e - Flame Tongue          Conj/Fire      #####        1%          1    None
f - Fireball              Conj/Fire      ######....   3%          5    ####...
g - Sticky Flame          Conj/Fire      ######..     1%          4    None
r - Throw Flame           Conj/Fire      ######       1%          2    None


Dungeon Overview and Level Annotations

Branches:
Dungeon (10/15)            Temple (1/1) D:7            Lair (0/6) D:9
    Orc (0/2) D:10

Altars:
Ashenzari
Fedhas
Gozag
Hepliaklqana
Kikubaaqudgha
Makhleb
Vehumet
Xom
Yredelemnul
The Shining One


Message History

You feel strangely unstable. The orc warrior barely misses you.
The orc knight roars a battlecry!
The orcs go into a battle-frenzy!
Casting: Throw Flame
Confirm with . or Enter, or press ? or * to list all spells.
Okay, then.
Casting: Throw Flame
Confirm with . or Enter, or press ? or * to list all spells.
Your skin crawls.
Your skin is crawling a little less now.
The orc warrior completely misses you.
The orc knight hits you with a battleaxe!!
You hit the orc warrior but do no damage.
The orc warrior no longer looks unusually strong.
The orc warrior hits you from afar with a glaive!
The orc knight roars a battlecry!
The orc warrior goes into a battle-frenzy!
The orc warrior hits you with a glaive!!
Ouch! That really hurt!
You die...

......######.......###.##........
......##...'...<...# #..#........
......##.###.......# ##.o........
......'..# #.......# ###........
......#### #####'### ####o####
......# #.# #.## ......# #.# #.o#
####'## #o# ##.## ####.# #@###
#..## #....# #.o.# ##..# #.#####
######o### #####'# ......#
#......o.# #...o.. ......#
#........# #....). ........#
#........######...... ......#..
..............##...... ......# #
##.....).[###o.o...... #######
####.##### ####......


You could see an orc knight, 2 orc warriors and an orc.

Vanquished Creatures
  A wyvern (D:9)
  3 hippogriffs
  Edmund (D:4)
  Duvessa (D:7)
  A water moccasin (D:7)
  An orc warrior (D:7)
  4 ice beasts
  A black bear (D:9)
  Purgy (Sewer)
  5 ogres
  A phantom (D:5)
  A necrophage (D:8)
  5 centaurs
  Blork the orc (D:6)
  A gnoll sergeant (D:9)
  A big kobold (D:7)
  9 giant frogs
  2 scorpions
  Dowan (D:7)
  10 killer bees (D:9)
  2 howler monkeys
  3 giant frog zombies
  5 hounds
  2 jellies
  2 centaur skeletons
  8 orc priests
  A giant frog skeleton (D:6)
  3 iguanas
  17 orc wizards
  5 worker ants
  A hound zombie (D:9)
  2 worker ant zombies
  A howler monkey skeleton (D:9)
  10 gnolls
  7 adders
  3 shadow imps
  2 adder zombies
  A worm (D:3)
  2 adder skeletons
  3 dart slugs
  11 giant geckos
  40 orcs
  5 bats
  7 giant cockroaches
  3 hobgoblins (D:1)
  6 jackals
  6 quokkas
  3 ball pythons
  5 giant newts
  5 goblins
  16 kobolds
  A quokka zombie (D:9)
  5 rats
244 creatures vanquished.

Notes
Turn   | Place    | Note
-------+----------+-------------------------------------------
     0 | D:1      | rlgrobin the Deep Elf Fire Elementalist began the quest for the Orb.
     0 | D:1      | Reached XP level 1. HP: 10/10 MP: 6/6
   327 | D:1      | Reached XP level 2. HP: 14/15 MP: 2/8
  1205 | D:1      | Reached XP level 3. HP: 19/19 MP: 6/9
  1352 | D:1      | Learned a level 2 spell: Throw Flame
  2331 | D:2      | Reached XP level 4. HP: 24/24 MP: 3/11
  2490 | D:3      | Found a glowing drain.
  2578 | Sewer    | Entered a sewer
  2616 | Sewer    | Noticed Purgy
  2738 | Sewer    | Killed Purgy
  2738 | Sewer    | Reached skill level 5 in Spellcasting
  2738 | Sewer    | Reached XP level 5. HP: 19/28 MP: 11/15
  2856 | D:3      | Found a shimmering altar of Xom.
  3012 | D:3      | Found a blossoming altar of Fedhas.
  3039 | D:3      | Found a faded altar of an unknown god.
  3601 | D:4      | Found an opulent altar of Gozag.
  3601 | D:4      | Found a basalt altar of Yredelemnul.
  3601 | D:4      | Found an ancient bone altar of Kikubaaqudgha.
  3603 | D:4      | Noticed an ogre
  3608 | D:4      | Killed an ogre
  3608 | D:4      | Reached XP level 6. HP: 29/32 MP: 10/17
  3773 | D:4      | Reached skill level 5 in Conjurations
  4003 | D:4      | Noticed Edmund
  4063 | D:4      | Killed Edmund
  4213 | D:4      | Found a shattered altar of Ashenzari.
  4216 | D:4      | Reached XP level 7. HP: 36/36 MP: 15/18
  4422 | D:5      | Entered Level 5 of the Dungeon
  4998 | D:5      | Reached skill level 5 in Fire Magic
  5152 | D:5      | Identified a +0 rod of clouds (14/14) (You found it on level 3 of the Dungeon)
  5692 | D:5      | Reached XP level 8. HP: 41/41 MP: 6/19
  5699 | D:5      | Learned a level 5 spell: Fireball
  5703 | D:5      | Learned a level 3 spell: Conjure Flame
  5810 | D:6      | Noticed Blork the orc
  6120 | D:6      | Killed Blork the orc
  6196 | D:6      | Got a warped ring mail
  6209 | D:6      | Identified the +1 ring mail "Kettonku" {+Blink Str+2 Stlth+} (You found it on level 6 of the Dungeon)
  6617 | D:5      | Learned a level 4 spell: Sticky Flame
  7279 | D:7      | Noticed Dowan
  7283 | D:7      | Noticed Duvessa
  7287 | D:7      | Killed Dowan
  7326 | D:7      | Found a staircase to the Ecumenical Temple.
  7334 | D:7      | Killed Duvessa
  7334 | D:7      | Reached XP level 9. HP: 45/45 MP: 2/22
  7341 | Temple   | Entered the Ecumenical Temple
  7347 | Temple   | Became a worshipper of Vehumet
  7404 | D:7      | Got a transparent leather armour
  7417 | D:7      | Identified the +3 leather armour "Yblenaph" {rF++ Str-2 Int-3 Slay+5} (You found it on level 7 of the Dungeon)
  8017 | D:8      | Learned a level 3 spell: Regeneration
  8220 | D:8      | Found a burning altar of Makhleb.
  8220 | D:8      | Noticed a green death
  8223 | D:8      | Noticed a hellwing
  8543 | D:9      | Reached * piety under Vehumet
  8543 | D:9      | Offered knowledge of Magic Dart by Vehumet.
  8862 | D:9      | Reached skill level 10 in Spellcasting
  9031 | D:9      | Reached XP level 10. HP: 45/50 MP: 14/26
  9123 | D:9      | Reached skill level 10 in Conjurations
  9182 | D:9      | Found a staircase to the Lair.
  9210 | D:9      | Reached ** piety under Vehumet
  9219 | D:9      | Offered knowledge of Freeze by Vehumet.
  9241 | D:9      | Reached skill level 10 in Fire Magic
  9657 | D:10     | Entered Level 10 of the Dungeon
  9775 | D:10     | Found a staircase to the Orcish Mines.
  9998 | D:10     | Offered knowledge of Dazzling Spray by Vehumet.
 10001 | D:10     | Learned a level 1 spell: Apportation
 10210 | D:10     | Noticed an orc knight
 10211 | D:10     | Noticed an orc sorcerer
 10273 | D:10     | Slain by an orc warrior

Vault maps used:
D:1:      lemuel_arrival_funnel
D:2:      grunt_decor_mini_mirrors, minmay_tromino_v4_b
D:3:      nicolae_overflow_hidden_temple, overflow_temple_1_default,
          ecumenical_altar_1, portal_sewer_entry_f
D:4:      lemuel_coloured_pillars_altar, grunt_temple_overflow_open, uniq_edmund
D:5:      first_bread
D:6:      uniq_blork_the_orc
D:7:      grunt_ogre_cave, minivault_5, uniq_duvessa
D:8:      makhleb_altar_promises_db
D:9:      lair_0_dummy
D:10:     david_orc_2, item_on_display_a
Temple:   eino_wide_crystal_templ
Sewer:    kennysheep_door_sewer

Skill      XL: |  1  2  3  4  5  6  7  8  9 10 |
---------------+-------------------------------+-----
Conjurations   | 2 3 4 6 7 8 9 10 | 10.4
Fire Magic     | 4 6 8 9 10 | 10.3
Spellcasting   | 5 6 7 10 | 10.9
Dodging        | 3 |  3.8
Stealth        | 3 |  3.0

Action                   |  1- 3 |  4- 6 |  7- 9 | 10-12 || total
-------------------------+-------+-------+-------+-------++-------
Melee: Unarmed           |    12 |       |       |       ||    12
       Whip              |    32 |    13 |       |       ||    45
       Club              |     5 |       |       |       ||     5
       Flail             |       |       |   201 |     1 ||   202
 Cast: Flame Tongue      |    47 |    47 |   217 |    68 ||   379
       Throw Flame       |    31 |    31 |   104 |    66 ||   232
       Sticky Flame      |       |       |    12 |       ||    12
       Fireball          |       |       |     6 |       ||     6
       Regeneration      |       |       |     1 |     1 ||     2
Evoke: Wand              |       |       |     2 |       ||     2
  Use: Scroll            |       |    11 |    16 |     1 ||    28
       Potion            |       |     1 |       |       ||     1
 Stab: Sleeping          |     2 |       |     3 |       ||     5
       Paralysed         |       |       |     7 |       ||     7
  Eat: Chunk             |     5 |     6 |    13 |     4 ||    28
       Beef jerky        |       |       |     2 |       ||     2
       Royal jelly       |       |       |     1 |       ||     1
Armor: Robe              |    19 |     2 |       |       ||    21
       Troll hide        |       |       |    21 |       ||    21
       Troll leather arm |       |       |   127 |    38 ||   165
       Ring mail         |       |       |     7 |       ||     7
Dodge: Dodged            |    65 |    19 |   208 |    63 ||   355
